 Dungeon Crawl Stone Soup version 0.17-a0-1210-g1e4f09d (webtiles) character file.

196 Kidiri the Sneak (level 5, -4/27 HPs)
             Began as a Spriggan Assassin on June 3, 2015.
             Slain by an orc
             ... wielding a +0 falchion
              (5 damage)
             ... on level 4 of the Dungeon.
             The game lasted 00:17:49 (3801 turns).

Kidiri the Sneak (Spriggan Assassin)                Turns: 3801, Time: 00:17:51

Health: -4/27      AC:  3    Str:  7    XL:     5   Next: 46%
Magic:  0/6        EV: 19    Int: 13    God:
Gold:   192        SH:  0    Dex: 18    Spells: 0 memorised, 4 levels left

rFire  + . .     SeeInvis +     w - -3 short sword (curse)
rCold  + . .     Clarity  .     k - +0 robe {rC+ rF+}
rNeg   . . .     SustAt   .     (shield restricted)
rPois  .         Gourm    .     (helmet restricted)
rElec  .         Spirit   +     d - +0 cloak (curse)
rCorr  .         Warding  .     (gloves unavailable)
rMut   .         Stasis   .     (boots unavailable)
MR     .....                    m - amulet of guardian spirit
Stlth  ++++......               (no ring)
                                q - ring of flight

@: slowed, quick, not resistant to hostile enchantments, stealthy
A: unfitting armour, see invisible, herbivore 3, speed 3, slow metabolism 2
a: Evoke Flight


You were on level 4 of the Dungeon.
You were not hungry.

You visited 1 branch of the dungeon, and saw 4 of its levels.

You collected 192 gold pieces.

Inventory:

Hand weapons
 a - a +2 dagger
 b - a +1 blowgun
 s - a +0 short sword
 t - a +0 short sword
 u - a +0 dagger
 v - a +0 short sword
 w - a cursed -3 short sword (weapon)
 x - a +0 short sword
Missiles
 e - 8 poisoned needles
 f - 2 curare-tipped needles
Armour
 d - a cursed +0 cloak (worn)
 k - a +0 robe of resistance (worn)
Jewellery
 m - an amulet of guardian spirit (around neck)
 q - a ring of flight (left hand)
Magical devices
 j - a wand of fireball (11)
Scrolls
 c - a scroll of blinking
 l - a scroll of amnesia
 r - 2 scrolls of fog
Potions
 i - a potion of cancellation {unknown}
 n - a potion of heal wounds {unknown}
Comestibles
 g - 4 bread rations
 o - 3 slices of pizza


   Skills:
 * Level 2.5 Fighting
 * Level 2.1 Short Blades
 * Level 3.1 Throwing
 * Level 4.0 Dodging
 * Level 6.9 Stealth
 + Level 1.0 Evocations


You had 4 spell levels left.
You didn't know any spells.

Dungeon Overview and Level Annotations

Branches:
Dungeon (4/15)
 Temple: D:4-7

Altars:
Elyvilon
Fedhas
Nemelex Xobeh
Okawaru

Annotations:
D:4 Sigmund


Innate Abilities, Weirdness & Mutations

You are tiny and cannot use many weapons and most armour.
You have supernaturally acute eyesight.
You are a herbivore.
You cover ground extremely quickly.
You need consume almost no food.


Message History

Something smites you! The orc misses you. The orc wizard misses you.
The orc hits you but does no damage. The orc priest hits you with a dagger.
* * * LOW HITPOINT WARNING * * *
You closely miss the orc priest.
The orc wizard hits you but does no damage.
The orc completely misses you.
The orc wizard points at you and mumbles some strange words.
The magic dart hits you!
* * * LOW HITPOINT WARNING * * *
The orc priest hits you but does no damage.
The orc misses you. x2
Drink which item? (? for menu, Esc to quit)
You feel better.
The orc wizard hits you but does no damage.
The orc wizard barely misses you.
The orc priest calls down the wrath of Beogh upon you.
Something smites you!
* * * LOW HITPOINT WARNING * * *
The orc hits you with a falchion.
You die...

# .## ## ..## #### .#
..#.# ##..###.#
#...@### ##..#.o..##
..# #.# ##..##ooo..# #
####.###..####@o..###.
###8###.#..##
#.......# ..'._⌠##..##
##....###. ..'._⌠##..#
##.....##
.##P###..#####.......#
#####......#....####.#
# #......#....### #.#
#.....###..## ##
##....# #....#


You could see an orc priest, an orc wizard and 3 orcs.

Vanquished Creatures
  An orc wizard (D:3)
  An orc priest (D:3)
  4 gnolls
  5 adders
  2 giant geckos
  3 orcs (D:3)
  2 ball pythons (D:2)
  9 bats
  A giant cockroach (D:2)
  5 hobgoblins
  3 jackals (D:3)
  6 kobolds
  4 giant newts
  4 goblins
  9 rats
59 creatures vanquished.

Notes
Turn   | Place    | Note
--------------------------------------------------------------
     0 | D:1      | Kidiri the Spriggan Assassin began the quest for the Orb.
     0 | D:1      | Reached XP level 1. HP: 10/10 MP: 2/2
   136 | D:1      | Reached skill level 6 in Stealth
   422 | D:1      | Reached XP level 2. HP: 15/15 MP: 3/3
   915 | D:1      | Reached XP level 3. HP: 18/18 MP: 4/4
  1286 | D:2      | Reached skill level 1 in Short Blades
  1394 | D:2      | Found an iron altar of Okawaru.
  1607 | D:2      | Reached XP level 4. HP: 17/23 MP: 3/5
  2478 | D:3      | Found a blossoming altar of Fedhas.
  2990 | D:3      | Reached XP level 5. HP: 17/27 MP: 3/6
  3147 | D:3      | Reached skill level 1 in Evocations
  3694 | D:4      | Noticed Sigmund
  3715 | D:4      | Found a white marble altar of Elyvilon.
  3715 | D:4      | Found a sparkling altar of Nemelex Xobeh.
  3800 | D:4      | HP: 1/27 [orc wizard/magic dart (6)]
  3801 | D:4      | Slain by an orc

Vault maps used:
D:1:      minmay_arrival_arboretum_small
D:2:      okawaru_ov_weapons_minmay, first_bread
D:3:      minmay_door_path, lemuel_doored_altar
D:4:      gammafunk_temple_overflow_wave, kennysheep_mini_moat, uniq_sigmund

Action                   |  1- 3 |  4- 6 || total
-------------------------+-------+-------++-------
Melee: Dagger            |    67 |    75 ||   142
       Short sword       |       |    39 ||    39
 Fire: Blowgun           |    10 |       ||    10
  Use: Scroll            |     4 |     6 ||    10
       Potion            |       |     1 ||     1
 Stab: Sleeping          |     9 |    10 ||    19
